AoeStats
← feizda

Arabian Desert

509081834Analyzed
1v1 RM · 6d ago on Sep 25, 2026· 46m 57s· 2 players
Game mode
Random Map
Map size
Tiny (2 player)
Population
200
Speed
Normal
Resources
Standard
Victory
Conquest
Starting age
Dark Age
Ending age
Imperial Age
RankedLock teamsTeams togetherTeam positionsShared explorationLock speedFull tech treeHidden civsTurbo modeCheats
Victory
Defeat
🇨🇳 Portuguese · China
1259
+14
🇩🇪 Saxons · Germany
1214
-14
feudal dern
7:25 Loom
10:30 Feudal Age
11:48 Double-Bit Axe
11:46 Horse Collar
16:26 Wheelbarrow
18:49 Castle Age
20:20 Forging
20:11 Scale Mail Armor
22:24 Chain Mail Armor
23:18 Pikeman
25:23 Town Watch
25:57 Squires
37:53 Imperial Age
37:21 Iron Casting
38:24 Iron Casting
37:47 Light Cavalry
39:11 Bloodlines
39:32 Conscription
40:57 Hussar
feizda
6:21 Loom
6:29 Loom
9:10 Feudal Age
9:43 Double-Bit Axe
10:33 Horse Collar
15:28 Wheelbarrow
19:55 Castle Age
18:24 Gold Mining
18:50 Town Watch
19:27 Bloodlines
29:37 Herbal Medicine
33:51 Imperial Age
33:13 Bow Saw
33:55 Elite Organ Gun
35:28 Cavalier
36:11 Husbandry
36:24 Forging
37:31 Chemistry
36:52 Ballistics
38:38 Two-Man Saw
38:26 Conscription
39:08 Arquebus
41:10 Iron Casting
40:40 Scale Barding Armor
45:01 Siege Engineers
45:08 Masonry
Connection lost

Rejoining the realm…

Still unreachable

The connection could not be restored.

Session expired

The server has moved on; the page needs a fresh start.